 Dungeon Crawl Stone Soup version 0.27-a0-577-ge2a43ba0c9 (webtiles) character file.

Game seed: 11275177702150223051

211 jestyr24 the Covered (level 5, -4/47 HPs)
             Began as a Minotaur Fighter on Mar 9, 2021.
             Was an Initiate of Gozag.
             Killed by divine providence
             ... invoked by an orc priest
              (13 damage)
             ... on level 4 of the Dungeon.
             The game lasted 00:11:46 (2944 turns).

jestyr24 the Covered (Minotaur Fighter)             Turns: 2944, Time: 00:11:47

Health: -4/47      AC:  8    Str: 22    XL:     5   Next: 57%
Magic:  4/4        EV:  8    Int:  5    God:    Gozag
Gold:   330        SH:  0    Dex:  9    Spells: 4/4 levels left

rFire    . . .     SeeInvis .   a - +0 long sword
rCold    . . .     Faith    .   c - +0 kite shield
rNeg     . . .     Spirit   .   b - +0 scale mail
rPois    .         Reflect  .   (helmet restricted)
rElec    .         Harm     .   (no cloak)
rCorr    .         Rampage  .   n - +0 pair of gloves
Will     .....                  (no boots)
Stlth    ..........             (no amulet)
HPRegen  0.15/turn              e - ring of wizardry
MPRegen  0.09/turn              k - ring of flight

@: confused
A: horns 2, retaliatory headbutt
a: Renounce Religion, Evoke Flight, Potion Petition, Call Merchant, Bribe Branch


You were on level 4 of the Dungeon.
You worshipped Gozag.
Gozag was aware of your devotion.
You visited 1 branch of the dungeon, and saw 4 of its levels.

You collected 352 gold pieces.
You paid 22 gold pieces to Gozag.

Inventory:

Hand Weapons
 a - a +0 long sword (weapon)
Missiles
 j - a throwing net (quivered)
Armour
 b - a +0 scale mail (worn)
 c - a +0 kite shield (worn)
 n - a +0 pair of gloves (worn)
 r - a +0 buckler
Jewellery
 e - a ring of wizardry (left hand)
 k - a ring of flight (right hand)
Scrolls
 f - 3 scrolls of teleportation {unknown}
 g - 5 scrolls of identify {unknown}
 l - a scroll of fog {unknown}
 p - a scroll of immolation {unknown}
 q - a scroll of magic mapping {unknown}
Potions
 d - 3 potions of might
 h - 2 potions of curing {unknown}
 i - a potion of attraction {unknown}
 m - 2 potions of mutation {unknown}
 o - a potion of brilliance {unknown}
 s - a potion of heal wounds {unknown}


   Skills:
 + Level 4.7 Fighting
 - Level 2.9 Long Blades
 + Level 5.4 Armour
 + Level 1.3 Dodging
 + Level 5.1 Shields


You had 4 spell levels left.
You didn't know any spells.
Your spell library was empty.

Dungeon Overview and Level Annotations

Branches:
Dungeon (4/15)
 Temple: D:4-7

Altars:
Ashenzari
Gozag
Ru

Annotations:
D:4 Natasha


Innate Abilities, Weirdness & Mutations

You have a pair of horns on your head.
You reflexively headbutt those who attack you in melee.


Message History

You hit Natasha.
Natasha is lightly wounded.
Natasha claws you.
The orc wizard gestures at you while chanting.
The magic dart hits you. You block the orc's attack.
You barely miss Natasha.
Natasha is lightly wounded.
Natasha barely misses you. You furiously retaliate!
You headbutt Natasha!
The orc wizard points at itself and mumbles some strange words.
The orc wizard flickers and vanishes!
Deactivating autopickup; reactivate with Ctrl-A.
The orc hits you with a +0 hand axe. Natasha claws you but does no damage.
Something hits you but does no damage.
You hit Natasha.
Natasha is almost dead.
The orc hits you with a +0 hand axe. Natasha closely misses you.
You hear some strange, mumbled words.
You are confused.
The orc hits you with a +0 hand axe.
The orc priest looks satisfied for a moment.
Natasha claws you but does no damage.
There is a stone staircase leading up here.
You closely miss Natasha.
Natasha is almost dead.
Natasha claws you.
Something unseen opens the door.
Natasha claws you!
* * * LOW HITPOINT WARNING * * *
You closely miss Natasha. Your headbutt misses Natasha.
Natasha is almost dead.
The orc hits you but does no damage.
An orc comes into view. It is wielding a +0 dagger.
Natasha mumbles some strange words.
You're too confused to move!
The orc shouts!
The orc closely misses you. Something hits you.
* * * LOW HITPOINT WARNING * * *
Natasha claws you but does no damage.
The orc priest mumbles some strange prayers to Beogh against you.
Beogh smites you!
You die...
Your body crumbles into a pile of gold.

###.###'###.#
........o...
...........#
...........
...>......# .
........5.# ...
......$h..##.....
......$o<@..[.#
......$o....###
..........#.#
............#
###.#####.### ...
#.# #.. (.# ..
..#


You could see an orc priest, Natasha, a shadow imp (summoned) and 2 orcs.

Vanquished Creatures
  A worker ant (D:3)
  A hound skeleton (D:3)
  Robin (D:2)
  A gnoll (D:1)
  5 adders
  An ooze (D:2)
  3 worms
  4 leopard geckos
  7 orcs
  3 ball pythons
  3 giant cockroaches
  16 goblins
  9 hobgoblins
  3 jackals (D:3)
  4 kobolds
  2 quokkas
  13 bats
  4 frilled lizards
  5 rats
86 creatures vanquished.

Notes
Turn   | Place    | Note
-------+----------+-------------------------------------------
     0 | D:1      | jestyr24 the Minotaur Fighter began the quest for the Orb.
     0 | D:1      | Reached XP level 1. HP: 19/19 MP: 0/0
    92 | D:1      | Reached XP level 2. HP: 20/27 MP: 1/1
   515 | D:1      | Reached XP level 3. HP: 33/33 MP: 2/2
   974 | D:2      | Noticed Robin
   975 | D:2      | Found a broken altar of Ashenzari.
  1001 | D:2      | Killed Robin
  1002 | D:2      | Reached XP level 4. HP: 29/40 MP: 3/3
  1214 | D:2      | Found a sacrificial altar of Ru.
  1500 | D:2      | Found an opulent altar of Gozag.
  1699 | D:2      | Became a worshipper of Gozag Ym Sagoz the Greedy
  1800 | D:2      | Reached skill level 5 in Armour
  2013 | D:3      | Reached skill level 1 in Dodging
  2013 | D:3      | Reached XP level 5. HP: 44/47 MP: 4/4
  2473 | D:3      | Reached skill level 5 in Shields
  2927 | D:4      | Noticed Natasha
  2944 | D:4      | Killed from afar by an orc priest

Illustrated notes

Levels and vault maps discovered:
D:1:      onia_arrival_mini_maze, layout_basic, serial_bayou_crossing
D:2:      minmay_chambers_of_twos, layout_basic, lemuel_coloured_pillars_altar,
          ashenzari_conservatory_becter,
          nicolae_gozag_cash_rules_everything_around_me, uniq_robin
D:3:      layout_basic
D:4:      layout_rooms, lemuel_doored_altar, minmay_temple_entry_overgrown,
          uniq_natasha

Skill      XL: |  1  2  3  4  5 |
---------------+----------------+-----
Armour         | 4 5 |  5.4
Fighting       | 4 |  4.7
Shields        | 4 5 |  5.1
Dodging        | 1 |  1.3
Long Blades    | |  2.9

Action                   |  1- 3 |  4- 6 || total
-------------------------+-------+-------++-------
Melee: Long sword        |    63 |   128 ||   191
       Headbutt          |     9 |    22 ||    31
Armor: Scale mail        |    36 |    64 ||   100
Dodge: Dodged            |    23 |    42 ||    65
Block: Kite shield       |    30 |    94 ||   124
       Rpst.: Long sword |    10 |     8 ||    18

Table legend: (Time is in decaauts)
 A = Elapsed time spent in this place.
 B = Non-inter-level travel time spent in this place.
 C = Inter-level travel time spent in this place.
 D = Time resting spent in this place.
 E = Time spent auto-exploring this place.
 F = Levels seen in this place.
 G = Mean time per level.
                   A        B        C        D        E       F      G
               +--------+--------+--------+--------+--------+-----+--------+
         Total |   3035 |   2929 |    106 |    397 |   1567 |   4 |  758.8 |
       Dungeon |   3035 |   2929 |    106 |    397 |   1567 |   4 |  758.8 |
               +--------+--------+--------+--------+--------+-----+--------+

Top non-repeatable levels by time:
     D:2: 1240 daAuts
     D:3: 945 daAuts
     D:1: 821 daAuts
     D:4: 28 daAuts
